 Dungeon Crawl Stone Soup version 0.29.1-1-gd02db69 (webtiles) character file.

Game seed: 9292586891889120522

4305 bonegar the Covert (level 10, 0/87 HPs)
             Began as a Naga Enchanter on Apr 13, 2023.
             Was an Initiate of Yredelemnul.
             Slain by a wyvern (5 damage)
             ... on level 9 of the Dungeon.
             The game lasted 02:49:51 (9374 turns).

bonegar the Covert (Naga Enchanter)                 Turns: 9374, Time: 02:49:52

Health: 0/87       AC: 13    Str: 10 (11) XL:     10   Next: 32%
Magic:  25/25      EV: 10    Int: 20 (21) God:    Yredelemnul [......]
Gold:   608        SH:  0    Dex: 14 (16) Spells: 10/17 levels left

rFire   . . .      SeeInvis +   m - +3 scythe (venom)
rCold   + . .      Faith    +   (shield currently unavailable)
rNeg    + . .      Spirit   .   G - +1 leather armour "Foiz" {rN+ Stlth+}
rPois   +          Reflect  .   D - +1 helmet
rElec   .          Harm     .   L - +1 cloak
rCorr   .          Rampage  .   j - +0 pair of gloves
Will    +....                   (no barding)
Stlth   +++++.....              k - amulet of faith
HPRegen 0.24/turn               y - ring of magical power
MPRegen 0.19/turn               B - +6 ring of intelligence

@: flying, very slow
A: AC +3, large, see invisible, deformed body, poison resistance, slowness 2,
spit poison 1, naga tail 1, iridescent scales 1, cold resistance 1
a: Spit Poison, Renounce Religion, Recall Undead Harvest


You were on level 9 of the Dungeon.
You worshipped Yredelemnul.
Yredelemnul was noncommittal.
You visited 2 branches of the dungeon, and saw 10 of its levels.
You also visited: Sewer.

You collected 608 gold pieces.

Inventory:

Hand Weapons
 a - a +1 dagger
 m - a +3 scythe of venom (weapon)
 Q - a +2 flail of draining
Missiles
 r - a throwing net
 v - 8 boomerangs
 w - 19 poisoned darts (quivered)
 x - 3 javelins
Armour
 j - a +0 pair of gloves (worn)
 n - a scarf of invisibility
 D - a +1 helmet (worn)
 G - the +1 leather armour "Foiz" (worn) {rN+ Stlth+}
   (You found it on level 5 of the Dungeon)

   rN:        It protects you from negative energy.
   Stlth:     It makes you more stealthy.
 L - a +1 cloak (worn)
Magical Staves
 z - a staff of conjuration
Jewellery
 e - a ring of fire
 k - an amulet of faith (around neck)
 y - a ring of magical power (left hand)
 B - a +6 ring of intelligence (right hand)
 C - an amulet of the acrobat
 M - an amulet of the acrobat
Wands
 p - a wand of polymorph (5)
 E - a wand of iceblast (8)
 O - a wand of mindburst (10)
Scrolls
 d - 2 scrolls of immolation
 f - a scroll of blinking
 h - 3 scrolls of amnesia
 i - 3 scrolls of vulnerability
 o - 2 scrolls of teleportation
 q - a scroll of silence
 t - a scroll of magic mapping {unknown}
 F - a scroll of enchant weapon
 I - a scroll of torment {unknown}
 K - 2 scrolls of enchant armour {unknown}
 R - 2 scrolls of poison {unknown}
Potions
 g - 3 potions of attraction
 s - 2 potions of mutation
 H - a potion of brilliance


   Skills:
 + Level 4.5 Fighting
 + Level 3.2 Short Blades
 + Level 7.5 Polearms
 + Level 1.0 Throwing
 + Level 2.3 Armour
 + Level 4.2 Dodging
 + Level 10.0 Stealth
 - Level 4.1 Spellcasting
 + Level 4.2 Hexes
 + Level 1.6 Summonings
 + Level 3.1 Air Magic
 + Level 4.8 Poison Magic
 + Level 0.1 Evocations


You had 10 spell levels left.
You knew the following spells:

 Your Spells              Type           Power      Damage    Failure   Level
a - Poisonous Vapours     Pois/Air       40%        N/A       4%          2
b - Summon Guardian Gole  Hex/Summ       15%        N/A       16%         3
c - Ensorcelled Hibernat  Hex/Ice        24%        N/A       11%         2

Your spell library contained the following spells:

 Spells                   Type           Power      Damage    Failure   Level
 Summon Small Mammal      Summ           40%        N/A       9%          1
 Confusing Touch          Hex            21%        N/A       9%          3
 Tukima's Dance           Hex            21%        N/A       9%          3
 Dazzling Flash           Conj/Hex       24%        N/A       22%         3
 Call Canine Familiar     Summ           10%        N/A       26%         3
 Corpse Rot               Necr/Pois/Air  14%        N/A       50%         4
 Silence                  Hex/Air        9%         N/A       71%         5
 Dispel Undead            Necr           4%         3d7       86%         4
 Hailstorm                Conj/Ice       4%         3d4       86%         4
 Ice Form                 Ice/Tmut       4%         N/A       86%         4
 Iskenderun's Mystic Bla  Conj/Tloc      4%         2d3       86%         4
 Agony                    Necr           4%         N/A       99%         5
 Starburst                Conj/Fire      2%         6d3       100%        6
 Death Channel            Necr           Unusable   N/A       N/A         6
 Simulacrum               Ice/Necr       Unusable   N/A       N/A         6

Dungeon Overview and Level Annotations

Branches:
Dungeon (9/15)             Temple (1/1) D:6           Sewer (visited)
   Lair: D:8-11         Orc: D:9-12

Altars:
Ashenzari
Cheibriados
Dithmenos
Elyvilon
Gozag
Makhleb
Nemelex Xobeh
Okawaru
Ru
Uskayaw
Vehumet
Xom
Yredelemnul
Zin
The Shining One

Annotations:
D:1 2 runed translucent doors


Innate Abilities, Weirdness & Mutations

Your serpentine skin is tough. (AC +3)
You have supernaturally acute eyesight. (SInv)
Armour fits poorly on your strangely shaped body.
Your system is resistant to poisons. (rPois)
You cover ground very slowly.
You can spit poison.
You have a snake-like lower body.
You are partially covered in iridescent scales. (AC +2)
Your flesh is cold resistant. (rC+)


Message History

You barely miss the orc. The wyvern bites you!
The orc hits your guardian golem with a +0 whip.
The wyvern bites you but does no damage.
You slash the orc!
You kill the orc!
The dead are walking!
The wyvern bites you.
The orc priest hits you but does no damage.
You slash the orc!
You kill the orc!
The wyvern bites you but does no damage.
The orc priest hits you but does no damage.
The wyvern bites you!
You slash the orc priest!
The orc priest is poisoned.
The orc priest is almost dead.
The wyvern barely misses you.
The orc priest invokes the aid of Beogh against you.
You resist with some effort.
The orc priest invokes the aid of Beogh against you.
Beogh smites you!
* * * LOW HITPOINT WARNING * * *
The wyvern bites you but does no damage.
You barely miss the orc priest.
The orc priest is almost dead.
The wyvern bites you.
* * * LOW HITPOINT WARNING * * *
The orc priest hits you but does no damage. x2
Your orc zombie barely misses the wyvern.
The wyvern bites you!
* * * LOW HITPOINT WARNING * * *
It was a potion of degeneration.
There was something very wrong with that liquid.
You feel weakened.
You feel dopey.
You feel clumsy.
You kill the orc priest!
The orc priest closely misses you.
Your orc zombie barely misses the wyvern.
The wyvern closely misses you.
You feel very buoyant.
You fly up into the air.
The wyvern bites you.
You die...
Your body rises from the dead as a mindless zombie.

### ... #.... ...
#... .. ... #... [..
... ..##########..#
.... ...
.......+..##..##....
...
......#...Z........
. .....#...l9o......
... #..##..##@)#
....##..##'###..##
.................#
.................#
.................+
...y.#..##.###..##
.... ####### ####
... ..


You could see a wyvern (poisoned, ally target), an orc priest, a friendly
guardian golem (summoned) and a friendly orc zombie (sheltered).

Vanquished Creatures
  A troll (D:8)
  Grinder (D:4)
  Sigmund (D:2)
  A wyvern (D:8)
  3 yaks (D:7)
  2 water moccasins
  2 sky beasts (D:7)
  A centaur (D:7)
  A phantom (D:5)
  2 scorpions
  4 bullfrogs
  6 killer bees
  3 howler monkeys
  A vampire bat (D:6)
  2 jellies
  5 hounds
  6 orc priests
  Natasha (D:2)
  5 iguanas
  3 orc wizards
  11 adders
  6 river rats
  A white imp (D:5)
  3 worms
  3 dart slugs
  19 orcs
  8 bats
  10 endoplasms
  6 giant cockroaches
  13 goblins
  4 hobgoblins
  8 jackals
  3 kobolds
  3 quokkas
  15 ball pythons
  5 frilled lizards
  25 rats
194 creatures vanquished.

Vanquished Creatures (collateral kills)
  A steam dragon (D:8)
  A centaur (D:6)
  A bullfrog (D:6)
  2 howler monkeys (D:7)
  A jelly (D:6)
  2 orc priests (D:7)
  An iguana (D:6)
  4 gnolls (D:6)
  An adder (D:6)
  An ufetubus (D:6)
  5 orcs
  4 bats (D:6)
24 creatures vanquished.

Vanquished Creatures (others)
  A water moccasin (D:5)
  An ice beast (D:3)
  2 killer bees (D:5)
  2 bullfrog zombies
  A jelly (D:5)
  2 centaur zombies
  A scorpion zombie (D:6)
  A sky beast zombie (D:7)
  A hound zombie (D:7)
  2 howler monkey zombies (D:7)
  An adder (Sewer)
  A river rat (Sewer)
  An iguana zombie (D:7)
  A jelly zombie (D:7)
  10 orc zombies
  An adder zombie (D:6)
  2 orcs
  6 bat zombies (D:6)
  2 endoplasms
  A hobgoblin (D:4)
  3 ball pythons (Sewer)
  A gnoll zombie (D:6)
  A rat (Sewer)
  3 plants (D:6)
48 creatures vanquished.

Grand Total: 266 creatures vanquished

Notes
Turn   | Place    | Note
-------+----------+-------------------------------------------
     0 | D:1      | bonegar the Naga Enchanter began the quest for the Orb.
     0 | D:1      | Reached XP level 1. HP: 15/15 MP: 3/3
   218 | D:1      | Reached XP level 2. HP: 22/22 MP: 5/5
   221 | D:1      | Found a large runed translucent door.
   221 | D:1      | Noticed an ogre
   222 | D:1      | Found a large runed translucent door.
   233 | D:1      | Reached skill level 5 in Stealth
   235 | D:1      | Noticed an ogre
   236 | D:1      | Noticed an ogre
   238 | D:1      | Noticed an ogre
   505 | D:1      | Found a faded altar of an unknown god.
   962 | D:1      | Reached XP level 3. HP: 30/30 MP: 6/6
  1727 | D:2      | Noticed Sigmund
  1733 | D:2      | Killed Sigmund
  1734 | D:2      | Reached skill level 1 in Fighting
  1734 | D:2      | Reached skill level 6 in Stealth
  1734 | D:2      | Reached XP level 4. HP: 25/39 MP: 7/7
  1734 | D:2      | Reached XP level 5. HP: 29/45 MP: 8/8
  1820 | D:2      | Found a glowing silver altar of Zin.
  2481 | D:2      | Reached XP level 6. HP: 44/48 MP: 9/9
  2648 | D:2      | Noticed Natasha
  2655 | D:2      | Killed Natasha
  2748 | D:2      | Learned a level 2 spell: Poisonous Vapours
  3084 | D:3      | Found a glowing drain.
  3107 | D:3      | Reached skill level 1 in Polearms
  3126 | Sewer    | Entered a sewer
  3249 | Sewer    | Gained mutation: Your flesh is cold resistant. (rC+)
                  | [potion of mutation]
  3249 | Sewer    | Gained mutation: You are partially covered in iridescent
                  | scales. (AC +2) [potion of mutation]
  3270 | Sewer    | Learned a level 3 spell: Summon Guardian Golem
  4060 | Sewer    | Reached skill level 7 in Stealth
  4060 | Sewer    | Reached XP level 7. HP: 33/61 MP: 7/10
  4666 | D:3      | Found a snail-covered altar of Cheibriados.
  4669 | D:3      | Found a white marble altar of Elyvilon.
  5282 | D:4      | Noticed Grinder
  5312 | D:4      | Killed Grinder
  5313 | D:4      | Reached skill level 8 in Stealth
  5313 | D:4      | Reached XP level 8. HP: 32/68 MP: 8/11
  5630 | D:4      | Found a burning altar of Makhleb.
  5739 | D:5      | Entered Level 5 of the Dungeon
  5755 | D:5      | Reached skill level 1 in Poison Magic
  5911 | D:5      | Found a radiant altar of Vehumet.
  5936 | D:5      | Reached skill level 1 in Air Magic
  5937 | D:5      | Reached skill level 5 in Polearms
  5937 | D:5      | Reached skill level 1 in Summonings
  5967 | D:5      | Learned a level 2 spell: Ensorcelled Hibernation
  6183 | D:5      | Identified the +1 leather armour "Foiz" {rN+ Stlth+}
  6471 | D:6      | Found a staircase to the Ecumenical Temple.
  6484 | Temple   | Entered the Ecumenical Temple
  6512 | Temple   | Became a worshipper of Yredelemnul the Dark
  6560 | D:6      | Reached * piety under Yredelemnul
  6612 | D:6      | Reached XP level 9. HP: 62/76 MP: 14/14
  6660 | D:6      | Reached ** piety under Yredelemnul
  6847 | D:6      | Reached *** piety under Yredelemnul
  6911 | D:6      | Reached skill level 9 in Stealth
  7782 | D:7      | Found an iron altar of Okawaru.
  7877 | D:7      | Reached skill level 1 in Throwing
  7877 | D:7      | Reached skill level 1 in Armour
  7968 | D:7      | Found an opulent altar of Gozag.
  8053 | D:7      | Reached XP level 10. HP: 84/86 MP: 16/16
  8573 | D:8      | Reached skill level 10 in Stealth
  9324 | D:9      | Noticed a two-headed ogre
  9372 | D:9      | HP: 4/87 [wyvern (13)]
  9374 | D:9      | Slain by a wyvern

Illustrated notes

Levels and vault maps discovered:
D:1:      erik_arrival_cave_to_civilisation [erik_arrival_cave_to_temple],
          layout_loops_corners, hellmonk_ecumenical_altar_dog_temple,
          serial_glass, glass_columns_b, glass_columns_a
D:2:      layout_basic, basic_altar, uniq_sigmund, uniq_natasha
D:3:      minmay_inner_zag, layout_loops_ring, mainiacjoe_overflow_divided_tiny,
          portal_sewer_entry_b, kennysheep_generic_room_9
D:4:      layout_cave_pools, makhleb_blood_cavern_becter, uniq_grinder
D:5:      layout_rooms, vehumet_crystals
D:6:      layout_layer_cave, minmay_temple_entry_mist, serial_bayou_pond_b,
          roderic_batcave, st_stairs_12, kennysheep_generic_room_4
D:7:      layout_basic, lemuel_coloured_pillars_altar, amcnicky_altar_gilded
D:8:      layout_cave_pods
D:9:      layout_gridville
Temple:   nicolae_temple_superstar

Skill      XL: |  1  2  3  4  5  6  7  8  9 10 |
---------------+-------------------------------+-----
Stealth        | 5 6 7 8 9 10 | 10.0
Fighting       | 1 2 3 4 |  4.5
Short Blades   | 2 3 |  3.2
Dodging        | 2 3 4 |  4.2
Polearms       | 2 4 5 6 7 |  7.5
Poison Magic   | 2 4 |  4.8
Air Magic      | 1 2 3 |  3.1
Summonings     | 1 |  1.6
Spellcasting   | 3 4 |  4.1
Throwing       | 1 |  1.0
Armour         | 1 2 |  2.3
Hexes          | 4 |  4.2
Evocations     | |  0.1

Action                   |  1- 3 |  4- 6 |  7- 9 | 10-12 || total
-------------------------+-------+-------+-------+-------++-------
Melee: Dagger            |    94 |       |       |       ||    94
       Halberd           |       |   130 |   217 |    62 ||   409
Throw: Dart              |       |       |    30 |     4 ||    34
 Cast: Summon Guardian G |       |     8 |    17 |     4 ||    29
       Poisonous Vapours |       |     2 |    36 |     2 ||    40
 Abil: Spit Poison       |     6 |     1 |     1 |       ||     8
Evoke: Wand              |       |       |       |     1 ||     1
  Use: Potion            |     1 |     6 |    10 |     6 ||    23
       Scroll            |       |       |    12 |     5 ||    17
 Stab: Sleeping          |    12 |     4 |    21 |     3 ||    40
       Invisible         |       |       |     1 |       ||     1
       Distracted        |       |       |     1 |       ||     1
Armor: Robe              |    14 |    59 |    55 |       ||   128
       Skin              |       |    37 |       |       ||    37
       Leather armour    |       |       |   101 |    65 ||   166
Dodge: Dodged            |    45 |   103 |   206 |    66 ||   420
